 Dungeon Crawl Stone Soup version 0.31-a0-40-g1d5085d191 (webtiles) character file.

Game seed: 2480303592746441733

259 bande the Covered (level 6, -6/38 HPs)
             Began as a Gargoyle Fighter on May 17, 2023.
             Killed by divine providence
             ... invoked by an orc priest
              (12 damage)
             ... on level 5 of the Dungeon.
             The game lasted 00:04:45 (4358 turns).

bande the Covered (Gargoyle Fighter)                Turns: 4358, Time: 00:04:46

Health: -6/38      AC: 15    Str: 20    XL:     6   Next: 17%
Magic:  6/6        EV:  7    Int:  8    God:
Gold:   255        SH:  4    Dex: 11    Spells: 5/5 levels left

rFire   . . .        a - +1 war axe
rCold   . . .        c - +0 buckler
rNeg    + . .        m - +0 chain mail
rPois   ∞            (no helmet)
rElec   +            (no cloak)
rCorr   .            u - +0 pair of gloves
SInv    .            (no boots)
Will    .....        (no amulet) Stlth
                     (no ring)
HPRegen 0.26/turn    (no ring)
MPRegen 0.10/turn

%: no passive effects
@: no status effects
A: sickness immunity, AC +4, negative energy resistance 1, electricity
resistance, torment resistance 1, petrification resistance
a: no special abilities


You were on level 5 of the Dungeon.
You visited 1 branch of the dungeon, and saw 5 of its levels.

You collected 255 gold pieces.

Inventory:

Hand Weapons
 a - a +1 war axe (weapon)
 p - a +0 war axe
 s - a +0 flail
Armour
 c - a +0 buckler (worn)
 m - a +0 chain mail (worn)
 u - a +0 pair of gloves (worn)
Wands
 i - a wand of roots (8)
Scrolls
 k - a scroll of fog
Potions
 b - a potion of brilliance
 d - a potion of might
 e - 2 potions of berserk rage
 f - 2 potions of heal wounds {unknown}
 h - a potion of flight {unknown}
 j - 2 potions of cancellation
 l - 2 potions of curing
 n - a potion of ambrosia {unknown}
 o - 2 potions of lignification {unknown}
 t - a potion of mutation {unknown}


   Skills:
 + Level 4.1 Fighting
 + Level 3.8 Axes
 + Level 4.3 Armour
 + Level 4.0 Shields
 * Level 1.6 Evocations


You had 5 spell levels left.
You didn't know any spells.
Your spell library contained the following spells:

 Spells                   Type           Power      Damage    Failure   Level
 Lesser Beckoning         Tloc           0%         N/A       99%         2
 Dazzling Flash           Conj/Hex       0%         N/A       100%        3
 Gell's Gravitas          Tloc           0%         N/A       100%        3
 Teleport Other           Tloc           0%         N/A       100%        3
 Agony                    Necr           0%         N/A       100%        5
 Alistair's Intoxication  Tmut/Pois      0%         N/A       100%        5
 Borgnjor's Vile Clutch   Necr/Erth      0%         N/A       100%        5
 Silence                  Hex/Air        0%         N/A       100%        5
 Eringya's Noxious Bog    Tmut/Pois      0%         N/A       100%        6


Dungeon Overview and Level Annotations

Branches:
Dungeon (5/15)
 Temple: D:4-7

Altars:
Nemelex Xobeh
Sif Muna


Innate Abilities, Weirdness & Mutations

You are immune to sickness and miasma.
Your stone body is resilient. (AC +4)
You are immune to poison.
You resist negative energy. (rN+)
You are resistant to electric shocks. (rElec)
You are resistant to unholy torment.
You are immune to petrification.


Message History

The orc hits you but does no damage.
The goblin hits you but does no damage. x2
You slash the goblin!
You kill the goblin!
You hit the goblin.
You kill the goblin!
The orc priest barely misses you. The orc barely misses you.
A hobgoblin comes into view. It is wielding a +0 club.
The hobgoblin shouts!
You hear a shout!
The orc priest hits you but does no damage.
The orc closely misses you.
There is a large open door, spattered with blood here.
You see here a +0 club.
You barely miss the orc priest. You hit the orc.
The orc priest looks satisfied for a moment.
The orc hits you with a +0 trident. You block the orc priest's attack.
The orc hits you but does no damage.
You closely miss the orc.
The orc is heavily wounded.
You closely miss the adder. You hit the orc priest.
You block the adder's attack.
The orc priest hits you but does no damage.
The orc hits you but does no damage. The adder bites you but does no damage.
You barely miss the orc.
The orc is heavily wounded.
You hit the orc priest. You hit the adder.
The orc priest hits you with a +0 trident.
The orc barely misses you. The adder bites you but does no damage.
The orc barely misses you. The hobgoblin barely misses you.
The orc priest hits you with a +0 trident!
* * * LOW HITPOINT WARNING * * *
You barely miss the orc.
The orc is heavily wounded.
You slash the hobgoblin!
You kill the hobgoblin!
You closely miss the adder.
You hit the orc priest but do no damage.
You block the adder's attack. The adder bites you but does no damage.
The orc priest calls down the wrath of Beogh upon you.
Beogh smites you!
You die...

####....## .#......#
'......' ...... #....#
#....# #.o).#
#####o@#############
≈≈≈~~..S)~≈≈≈≈≈≈≈≈≈≈≈≈
≈≈≈~.....~~≈≈≈≈≈≈≈≈≈≈≈≈
≈~~~.....~)≈~~≈≈~~~~~~~~
~..~.....))~.~~~~~~~~~.~
.............:..........
.............$..........
...........[............
.......................


You could see an orc priest, an adder and an orc.

Vanquished Creatures
  A gnoll bouda (D:4)
  A sleepcap (D:5)
  7 adders
  5 gnolls
  A shadow imp (D:5)
  3 worms
  3 dart slugs (D:1)
  3 orcs
  5 bats
  6 endoplasms
  8 goblins
  7 hobgoblins
  3 jackals (D:3)
  7 kobolds
  5 quokkas
  5 ball pythons
  3 rats
73 creatures vanquished.

Notes
Turn   | Place    | Note
-------+----------+-------------------------------------------
     0 | D:1      | bande the Gargoyle Fighter began the quest for the Orb.
     0 | D:1      | Reached XP level 1. HP: 14/14 MP: 1/1
    70 | D:1      | Reached XP level 2. HP: 15/19 MP: 2/2
   217 | D:1      | Reached XP level 3. HP: 23/23 MP: 3/3
   504 | D:1      | Found a faded altar of an unknown god.
  1544 | D:2      | Found a shimmering blue altar of Sif Muna.
  1907 | D:3      | Reached XP level 4. HP: 29/29 MP: 4/4
  2653 | D:4      | Reached skill level 1 in Evocations
  2653 | D:4      | Reached XP level 5. HP: 8/33 MP: 5/5
  2985 | D:3      | Found a shimmering blue altar of Sif Muna.
  2985 | D:3      | Found a sparkling altar of Nemelex Xobeh.
  4106 | D:5      | Entered Level 5 of the Dungeon
  4282 | D:5      | Reached XP level 6. HP: 33/38 MP: 6/6
  4358 | D:5      | Killed from afar by an orc priest

Illustrated notes

Levels and vault maps discovered:
D:1:      amcnicky_arrival_flooded_fountain, layout_basic,
          dreamdust_ecumenical_altar_angels_and_demons,
          minmay_shallow_snake_nest
D:2:      layout_loops_corners, basic_altar, minmay_tetromino_i4
D:3:      layout_loops_corners, nicolae_overflow_two_pavilions
D:4:      layout_gridville, corexii_shack
D:5:      minmay_goblin_kobold_castle, layout_layer_cave,
          lemuel_temple_firewalk_b

Skill      XL: |  1  2  3  4  5 |
---------------+----------------+-----
Axes           | 2 3 |  3.8
Armour         | 4 |  4.3
Evocations     | 1 |  1.6
Shields        | 4 |  4.0
Fighting       | 4 |  4.1

Action                     |  1- 3 |  4- 6 || total
---------------------------+-------+-------++-------
  Melee: War axe           |    72 |   177 ||   249
    Use: Scroll            |       |    11 ||    11
 Armour: Scale mail        |    25 |       ||    25
         Chain mail        |     3 |   131 ||   134
  Dodge: Dodged            |    31 |    78 ||   109
  Block: Buckler           |    22 |    58 ||    80

Table legend: (Time is in decaauts)
 A = Elapsed time spent in this place.
 B = Non-inter-level travel time spent in this place.
 C = Inter-level travel time spent in this place.
 D = Time resting spent in this place.
 E = Time spent auto-exploring this place.
 F = Levels seen in this place.
 G = Mean time per level.
                   A        B        C        D        E       F      G
               +--------+--------+--------+--------+--------+-----+--------+
         Total |   4458 |   4244 |    214 |    411 |   3143 |   5 |  891.6 |
       Dungeon |   4458 |   4244 |    214 |    411 |   3143 |   5 |  891.6 |
               +--------+--------+--------+--------+--------+-----+--------+

Top non-repeatable levels by time:
     D:4: 1155 daAuts
     D:3: 1107 daAuts
     D:1: 992 daAuts
     D:2: 934 daAuts
     D:5: 268 daAuts
